 Dungeon Crawl Stone Soup version 0.29-a0-350-g7790a0e70a (webtiles) character file.

Game seed: 4497052826661387770

2284 rabbitsville the Envoy of Void (level 9, -4/77 (80) HPs)
             Began as a Palentonga Abyssal Knight on Apr 22, 2022.
             Was a High Priest of Lugonu.
             Slain by a wight
             ... wielding a +2 war axe of freezing
              (12 damage)
             ... on level 6 of the Dungeon.
             The game lasted 00:19:50 (6258 turns).

rabbitsville the Envoy of Void (PaAK)               Turns: 6258, Time: 00:19:51

HP:   -4/77 (80)    AC: 16    Str: 21    XL:     9   Next: 17%
MP:   15/15         EV:  4    Int:  9    God:    Lugonu [*****.]
Gold: 329           SH:  0    Dex: 10    Spells: 8/8 levels left

rFire   . . .      SeeInvis +   l - +0 battleaxe (venom)
rCold   + . .      Faith    .   (shield currently unavailable)
rNeg    . . .      Spirit   .   h - +0 plate armour
rPois   .          Reflect  .   (no helmet)
rElec   .          Harm     .   (no cloak)
rCorr   .          Rampage  .   s - +0 pair of gloves
Will    .....                   (no barding)
Stlth   ..........              (no amulet)
HPRegen 0.22/turn               w - ring of flight
MPRegen 0.14/turn               (no ring)

@: flying, lightly drained, curled up
A: large, rugged brown scales 3, see invisible, deformed body, roll 1, armoured
tail, reflexive curl, cold resistance 1, dopey 1, robust 1
a: Rolling Charge, Renounce Religion, Depart the Abyss, Bend Space, Banish,
Corrupt, Enter the Abyss


You were on level 6 of the Dungeon.
You worshipped Lugonu.
Lugonu was extremely pleased with you.
You visited 2 branches of the dungeon, and saw 8 of its levels.
You visited the Abyss 1 time.

You collected 329 gold pieces.

Inventory:

Hand Weapons
 a - a +1 hand axe
 l - a +0 battleaxe of venom (weapon)
Missiles
 v - 2 throwing nets
Armour
 b - a +0 leather armour
 h - a +0 plate armour (worn)
 s - a +0 pair of gloves (worn)
Jewellery
 o - a ring of ice
 w - a ring of flight (left hand)
Wands
 r - a wand of flame (8)
 u - a wand of iceblast (2)
Scrolls
 c - 2 scrolls of immolation {unknown}
 d - 2 scrolls of amnesia {unknown}
 g - 9 scrolls of identify {unknown}
 i - 2 scrolls of enchant armour {unknown}
 k - 2 scrolls of summoning {unknown}
 m - 2 scrolls of blinking {unknown}
 p - a scroll of vulnerability {unknown}
 q - 2 scrolls of teleportation {unknown}
 x - a scroll of noise {unknown}
Potions
 e - 2 potions of curing
 f - a potion of mutation
 j - 3 potions of haste {unknown}
 n - 2 potions of flight {unknown}
 t - a potion of might {unknown}


   Skills:
 + Level 6.2 Fighting
 * Level 8.0 Axes
 - Level 1.5 Armour
 - Level 0.7 Dodging
 * Level 8.7 Invocations


You had 8 spell levels left.
You didn't know any spells.
Your spell library contained the following spells:

 Spells                   Type           Power      Damage    Failure   Level
 Animate Skeleton         Necr           0%         N/A       100%        1
 Apportation              Tloc           0%         N/A       100%        1
 Beastly Appendage        Tmut           0%         N/A       100%        1
 Freeze                   Ice            0%         1d3       100%        1
 Summon Small Mammal      Summ           0%         N/A       100%        1
 Wereblood                Tmut           0%         N/A       100%        2
 Frozen Ramparts          Ice            0%         1d2       100%        3
 Spider Form              Tmut/Pois      0%         N/A       100%        3
 Hailstorm                Conj/Ice       0%         3d3       100%        4


Dungeon Overview and Level Annotations

Branches:
Dungeon (7/15)             Temple (1/1) D:5

Altars:
Ashenzari
Cheibriados
Dithmenos
Elyvilon
Fedhas
Gozag
Hepliaklqana
Kikubaaqudgha
Makhleb
Nemelex Xobeh
Okawaru
Qazlal
Ru
Sif Muna
Uskayaw
Vehumet
Wu Jian
Xom
Yredelemnul
Zin
The Shining One

Shops:
D:5 (


Innate Abilities, Weirdness & Mutations

You are completely covered in rugged brown scales. (AC +3, +7% HP)
You have supernaturally acute eyesight. (SInv)
Armour fits poorly on your strangely shaped body.
You can roll at nearby foes to attack.
You have a long armoured tail.
You curl defensively after being hit. (AC +7*)
Your flesh is cold resistant. (rC+)
You are dopey. (Int -2)
You are robust. (+10% HP)


Message History

The wight attacks as you move away! The wight hits you with a +3 war axe!
You slice the wight!!
You destroy the wight!
Lugonu accepts your kill.
Your life force feels restored.
You hit the wight but do no damage.
The wight is lightly damaged.
The wight hits you with a +2 war axe of freezing.
The wight freezes you.
Unknown command.
You hit the wight.
Your tail-slap misses the wight.
The wight is heavily damaged.
The wight hits you but does no damage.
The wight hits you with a +2 war axe of freezing.
You feel drained. The wight freezes you.
You closely miss the wight.
Your tail-slap misses the wight.
The wight is heavily damaged.
The wight hits you with a +2 war axe of freezing.
* * * LOW HITPOINT WARNING * * *
You barely miss the wight.
Your tail-slap misses the wight.
The wight is heavily damaged.
The wight hits you with a +2 war axe of freezing!
* * * LOW HITPOINT WARNING * * *
The wight freezes you.
* * * LOW HITPOINT WARNING * * *
You feel better.
The wight hits you with a +2 war axe of freezing.
* * * LOW HITPOINT WARNING * * *
You feel drained.
* * * LOW HITPOINT WARNING * * *
The wight freezes you.
* * * LOW HITPOINT WARNING * * *
You closely miss the wight. You tail-slap the wight.
The wight is severely damaged.
The wight hits you with a +2 war axe of freezing.
* * * LOW HITPOINT WARNING * * *
The wight freezes you.
* * * LOW HITPOINT WARNING * * *
The wight hits you with a +2 war axe of freezing!
You die...

########+#######.#
#...........
#................#
#...........
#..............#.###.....
#..............#.#.......
...............#.#.......
...............#.#.....#
........[........')....+
...............#z#.....#
#..............#@#.....#
#..............#.#######
#............[.#....#
........†....#....
.............#....
.............#....#
###########..#.#### ..
######.#.##### ...
#.............+....


You could see a wight.

Vanquished Creatures
  Grinder (D:5)
  Sigmund (D:2)
  Eustachio (D:5)
  A steam dragon (D:7)
  A water moccasin (D:6)
  Duvessa (D:4)
  An ice beast (D:7)
  An ogre (D:5)
  A phantom (D:4)
  3 necrophages
  3 wights
  Dowan (D:4)
  4 crimson imps (D:7)
  2 jellies (D:6)
  A gnoll shaman (D:7)
  4 orc priests
  An iguana (D:6)
  6 orc wizards
  Robin (D:3)
  8 gnolls
  6 adders
  A shadow imp (D:7)
  4 white imps (D:7)
  An ufetubus (D:6)
  3 dart slugs
  20 orcs
  9 bats
  6 endoplasms
  3 giant cockroaches
  17 goblins
  9 hobgoblins
  A jackal (D:2)
  9 kobolds
  2 quokkas
  3 ball pythons (D:4)
  5 frilled lizards
  4 rats
146 creatures vanquished.

Notes
Turn   | Place    | Note
-------+----------+-------------------------------------------
     0 | Abyss:1  | rabbitsville the Palentonga Abyssal Knight began the quest
                  | for the Orb.
     0 | Abyss:1  | Reached XP level 1. HP: 19/19 MP: 2/2
    16 | D:1      | Escaped the Abyss
    81 | D:1      | Found a faded altar of an unknown god.
   171 | D:1      | Reached XP level 2. HP: 20/25 MP: 3/3
   853 | D:2      | Reached XP level 3. HP: 31/31 MP: 5/5
   948 | D:2      | Reached *** piety under Lugonu
  1072 | D:2      | Noticed Sigmund
  1078 | D:2      | Killed Sigmund
  1079 | D:2      | Reached XP level 4. HP: 24/39 MP: 5/7
  1079 | D:2      | Reached XP level 5. HP: 27/44 MP: 5/8
  1214 | D:2      | Identified the +9 quarterstaff of the Philosopher {venom,
                  | rC+}
  2174 | D:3      | Noticed Robin
  2180 | D:3      | Killed Robin
  2181 | D:3      | Gained mutation: You are frail. (-10% HP) [potion of
                  | mutation]
  2190 | D:3      | Lost mutation: You are frail. (-10% HP) [potion of
                  | mutation]
  2190 | D:3      | Gained mutation: You sometimes lose the ability to read
                  | scrolls when taking damage. [potion of mutation]
  2191 | D:3      | Lost mutation: You sometimes lose the ability to read
                  | scrolls when taking damage. [potion of mutation]
  2191 | D:3      | Gained mutation: Your flesh is cold resistant. (rC+)
                  | [potion of mutation]
  2191 | D:3      | Gained mutation: You are dopey. (Int -2) [potion of
                  | mutation]
  2191 | D:3      | Gained mutation: You are robust. (+10% HP) [potion of
                  | mutation]
  2703 | D:4      | Reached XP level 6. HP: 32/56 MP: 9/9
  2900 | D:4      | Noticed Duvessa
  2903 | D:4      | Noticed Dowan
  2905 | D:4      | Killed Duvessa
  2906 | D:4      | Reached skill level 5 in Invocations
  2911 | D:4      | Killed Dowan
  2914 | D:4      | Reached skill level 5 in Axes
  2914 | D:4      | Gained mutation: You curl defensively after being hit. (AC
                  | +7*) [Palentonga growth]
  2914 | D:4      | Reached XP level 7. HP: 38/64 MP: 9/11
  2979 | D:4      | Reached **** piety under Lugonu
  3451 | D:5      | Entered Level 5 of the Dungeon
  3768 | D:5      | Identified the +0 robe of Ekudghesm {Dex+6}
  3772 | D:5      | Noticed Grinder
  3777 | D:5      | Paralysed by Grinder for 6 turns
  3783 | D:5      | Killed Grinder
  3784 | D:5      | Reached skill level 5 in Fighting
  3899 | D:5      | Found Vixtioph's Weapon Emporium.
  3903 | D:5      | Noticed Eustachio
  3925 | D:5      | Killed Eustachio
  3926 | D:5      | Reached XP level 8. HP: 14/72 MP: 11/13
  4546 | D:5      | Found a staircase to the Ecumenical Temple.
  4581 | Temple   | Entered the Ecumenical Temple
  5899 | D:7      | Reached ***** piety under Lugonu
  6194 | D:6      | Reached XP level 9. HP: 80/80 MP: 15/15
  6258 | D:6      | Slain by a wight

Illustrated notes

Levels and vault maps discovered:
D:1:      amcnicky_arrival_flooded_fountain, layout_loops_ring,
          basic_ecumenical_altar, hex_tiny, minmay_statues_item
D:2:      layout_loops_corners, minmay_surrounded, uniq_sigmund
D:3:      layout_basic, uniq_robin
D:4:      layout_rooms, uniq_duvessa
D:5:      layout_loops_corners, temple_pool_b, serial_shops,
          nicolae_shop_bloodbath_and_beyond, kennysheep_another_room,
          grunt_tough_drop, uniq_eustachio, uniq_grinder
D:6:      layout_basic, uniq_prince_ribbit1
D:7:      layout_loops_cross, kennysheep_little_box, hangedman_decor_riveting,
          minmay_nine_imps
Temple:   roderic_octagonal_lattice_temple

Skill      XL: |  1  2  3  4  5  6  7  8  9 |
---------------+----------------------------+-----
Axes           | 3 4 5 6 7 8 |  8.0
Invocations    | 4 5 6 8 |  8.7
Fighting       | 4 5 6 |  6.2
Armour         | |  1.5
Dodging        | |  0.7

Action                   |  1- 3 |  4- 6 |  7- 9 || total
-------------------------+-------+-------+-------++-------
Melee: Hand axe          |    68 |       |       ||    68
       Tailslap          |     9 |    13 |    20 ||    42
       Battleaxe         |       |    84 |   165 ||   249
 Abil: Rolling Charge    |    21 |    31 |    37 ||    89
  Use: Potion            |       |     5 |     4 ||     9
Armor: Leather armour    |     6 |       |       ||     6
       Plate armour      |    14 |    88 |   166 ||   268
Dodge: Dodged            |    15 |    19 |    40 ||    74

Table legend: (Time is in decaauts)
 A = Elapsed time spent in this place.
 B = Non-inter-level travel time spent in this place.
 C = Inter-level travel time spent in this place.
 D = Time resting spent in this place.
 E = Time spent auto-exploring this place.
 F = Levels seen in this place.
 G = Mean time per level.
                   A        B        C        D        E       F      G
               +--------+--------+--------+--------+--------+-----+--------+
         Total |   6374 |   6125 |    249 |    326 |   4697 |   9 |  708.2 |
       Dungeon |   5999 |   5772 |    227 |    326 |   4382 |   7 |  857.0 |
        Temple |    359 |    337 |     22 |      0 |    315 |   1 |  359.0 |
         Abyss |     16 |     16 |      0 |      0 |      0 |   1 |   16.0 |
               +--------+--------+--------+--------+--------+-----+--------+

Top non-repeatable levels by time:
     D:5: 1587 daAuts
     D:2: 1080 daAuts
     D:4: 848 daAuts
     D:1: 842 daAuts
     D:3: 722 daAuts
     D:7: 476 daAuts
     D:6: 441 daAuts
  Temple: 359 daAuts
 Abyss:1: 16 daAuts
